 Dungeon Crawl Stone Soup version 0.22.1-2-g9c5b331383 (webtiles) character file.

35 Kotlin the Digger (level 3, 0/19 HPs)
             Began as a Gargoyle Earth Elementalist on Nov 15, 2018.
             Slain by a giant cockroach (1 damage)
             ... on level 2 of the Dungeon on Nov 16, 2018.
             The game lasted 00:05:03 (1101 turns).

Kotlin the Digger (Gargoyle Earth Elementalist)     Turns: 1101, Time: 00:05:03

Health: 0/19       AC:  5    Str: 11    XL:     3   Next: 35%
Magic:  6/6        EV: 12    Int: 21    God:
Gold:   90         SH:  0    Dex: 10    Spells: 6/7 levels left

rFire    . . .     SeeInvis .   e - +0 club
rCold    . . .     Gourm    .   (no shield)
rNeg     + . .     Faith    .   (no armour)
rPois    ∞         Spirit   .   (no helmet)
rElec    +         Reflect  .   (no cloak)
rCorr    .         Harm     .   (no gloves)
MR       .....                  g - +1 pair of boots
Stlth    ++........             (no amulet)
HPRegen  0.06/turn              (no ring)
MPRegen  0.10/turn              (no ring)

@: brilliant
A: negative energy resistance 1, electricity resistance, unbreathing,
petrification resistance, rot immunity, AC +3
a: no special abilities


You were on level 2 of the Dungeon.
You were very hungry.

You visited 1 branch of the dungeon, and saw 2 of its levels.

You collected 90 gold pieces.

Inventory:

Hand Weapons
 e - a +0 club (weapon)
Armour
 c - a +0 robe
 g - a +1 pair of boots (worn)
 h - a +0 scale mail
Jewellery
 f - a cursed ring of attention {unknown}
Scrolls
 j - a scroll of immolation {unknown}
Potions
 a - a potion of brilliance
Comestibles
 d - 3 rations


   Skills:
 - Level 1.6 Dodging
 - Level 2.2 Stealth
 + Level 2.5 Spellcasting
   Level 0.7 Transmutations
 * Level 4.7 Earth Magic


You had 6 spell levels left.
You knew the following spells:

 Your Spells              Type           Power        Failure   Level  Hunger
a - Sandblast             Erth           #####.       1%          1    None

Your spell library contained the following spells:

 Spells                   Type           Power        Failure   Level  Hunger
 Passwall                 Tmut/Erth      ####....     1%          2    ##.....
 Stone Arrow              Conj/Erth      ####..       1%          3    ###....
 Petrify                  Tmut/Erth      ####....     5%          4    ####...
 Lee's Rapid Deconstruct  Erth           #####.....   7%          5    ######.


Dungeon Overview and Level Annotations

Branches:
Dungeon (2/15)

Altars:


Innate Abilities, Weirdness & Mutations

You are resistant to torment.
Your stone body is resilient. (AC +3)
You are immune to poison.
You resist negative energy. (rN+)
You are resistant to electric shocks. (rElec)
You can survive without breathing.
You are immune to petrification.
You are immune to rotting.


Message History

Your +0 club glows pale gold for a moment.
It was a scroll of random uselessness.
The adder bites you but does no damage. The giant cockroach closely misses you.
The adder bites you. The hobgoblin hits you with a club.
* * * LOW HITPOINT WARNING * * *
The hobgoblin closely misses you.
It was a potion of brilliance.
You feel clever all of a sudden. The adder barely misses you.
The giant cockroach bites you.
* * * LOW HITPOINT WARNING * * *
The adder bites you.
* * * LOW HITPOINT WARNING * * *
The hobgoblin closely misses you. The adder bites you but does no damage.
The hobgoblin hits you but does no damage.
You closely miss the hobgoblin.
The hobgoblin is almost dead.
The adder bites you.
* * * LOW HITPOINT WARNING * * *
The giant cockroach bites you.
You die...

.### ... ..#
##..# ####...#
##g##...#
##@S$#...#####
#sgS..<.....%.
.....g.....##..?#
##............# .
##........##..(
##..(?.#.# .#
##..<##.# ..
##.## .# # .. .#


You could see 2 adders, a giant cockroach, 2 hobgoblins and a goblin.

Vanquished Creatures
  An ooze (D:1)
  2 leopard geckos (D:1)
  4 bats (D:1)
  2 giant cockroaches (D:1)
  4 goblins
  5 hobgoblins (D:1)
  2 frilled lizards (D:1)
  2 kobolds (D:1)
  6 rats (D:1)
28 creatures vanquished.

Notes
Turn   | Place    | Note
-------+----------+-------------------------------------------
     0 | D:1      | Kotlin the Gargoyle Earth Elementalist began the quest for
                  | the Orb.
     0 | D:1      | Reached XP level 1. HP: 10/10 MP: 3/3
   119 | D:1      | Reached skill level 4 in Earth Magic
   119 | D:1      | Reached XP level 2. HP: 11/15 MP: 5/5
   581 | D:1      | Reached XP level 3. HP: 19/19 MP: 3/6
  1101 | D:2      | Slain by a giant cockroach

Skill      XL: |  1 |
---------------+----+-----
Earth Magic    | 4 |  4.7
Dodging        | |  1.6
Stealth        | |  2.2
Spellcasting   | |  2.5
Transmutations | |  0.7

Action                   || total
-------------------------++-------
Melee: Club              ||    48
 Cast: Sandblast         ||    30
  Use: Scroll            ||     1
       Potion            ||     1
Armor: Robe              ||    17
       Skin              ||    25
Dodge: Dodged            ||    54
